 Dungeon Crawl Stone Soup version 0.30-a0-852-g08b95dd62f (webtiles) character file.

Game seed: 6902249899914677075

51 Nick1 the Grave Robber (level 3, -2/22 (25) HPs)
             Began as a Demonspawn Necromancer on Mar 4, 2023.
             Slain by Crazy Yiuf
             ... wielding a +4 quarterstaff of chaos
              (3 damage)
             ... on level 2 of the Dungeon.
             The game lasted 00:10:01 (808 turns).

Nick1 the Grave Robber (Demonspawn Necromancer)      Turns: 808, Time: 00:10:01

HP:   -2/22 (25)    AC:  4    Str:  8    XL:     3   Next: 58%
MP:   4/6           EV: 12    Int: 18    God:
Gold: 97            SH:  0    Dex: 13    Spells: 4/6 levels left

rFire   . . .      SeeInvis .    d - +0 short sword
rCold   . . .      Faith    .    (no shield)
rNeg    . . .      Spirit   .    a - +0 robe
rPois   .          Reflect  .    (no helmet)
rElec   .          Rampage  .    (no cloak)
rCorr   .                        (no gloves)
Will    .....                    h - +0 pair of boots
Stlth   ++                       (no amulet)
HPRegen 0.23/turn                (no ring)
MPRegen 0.10/turn                (no ring)

@: heavily drained
A: rugged brown scales 1, demonic magic 1
a: no special abilities


You were on level 2 of the Dungeon.
You visited 1 branch of the dungeon, and saw 2 of its levels.

You collected 97 gold pieces.

Inventory:

Hand Weapons
 d - a +0 short sword (weapon)
Armour
 a - a +0 robe (worn)
 h - a +0 pair of boots (worn)
Scrolls
 c - a scroll of silence {unknown}
 i - a scroll of butterflies {unknown}
Potions
 b - a potion of magic
 e - a potion of degeneration {unknown}
 f - a potion of heal wounds {unknown}
 g - a potion of haste {unknown}
 j - a potion of mutation {unknown}


   Skills:
 + Level 0.3 Fighting
 + Level 0.8 Short Blades
 * Level 2.0 Dodging
 * Level 2.0 Stealth
 * Level 2.2 Spellcasting
 * Level 5.1 Necromancy


You had 4 spell levels left.
You knew the following spells:

 Your Spells              Type           Power      Damage    Failure   Level
a - Necrotise             Necr           80%        1d8       1%          1
b - Kiss of Death         Conj/Necr      44%        2d8       6%          1

Your spell library contained the following spells:

 Spells                   Type           Power      Damage    Failure   Level
 Vampiric Draining        Necr           20%        2d7       6%          3
 Magic Dart               Conj           8%         1d3       19%         1
 Animate Dead             Necr           20%        N/A       21%         4
 Searing Ray              Conj           4%         2d4       26%         2
 Fulminant Prism          Conj/Hex       1%         3d5       87%         4
 Agony                    Necr           20%        N/A       50%         5


Dungeon Overview and Level Annotations

Branches:
Dungeon (2/15)

Altars:
Xom

Annotations:
D:2 Crazy Yiuf


Innate Abilities, Weirdness & Mutations

You are partially covered in rugged brown scales. (AC +1, +3% HP)
Spells you cast may paralyse adjacent enemies.


Message History

You feel drained. Malevolent energies surge around you.
Things that are here:
a +0 mace; an orc corpse You see here a frilled lizard corpse.
A hobgoblin comes into view.
The hobgoblin shouts!
You hit the hobgoblin.
The hobgoblin is heavily wounded.
The hobgoblin closely misses you.
Casting: Kiss of Death (safe; 6% risk of failure)
Confirm with . or Enter, or press ? or * to list all spells.
Aiming: Necrotise (safe; 1% risk of failure)
Press: ? - help, Shift-Dir - straight line, f - hobgoblin
Aim: a hobgoblin (heavily wounded, chance to affect: 89%)
The hobgoblin writhes in agony!
You kill the hobgoblin!
Malevolent energies surge around you.
The dead are walking!
You see here 5 stones.
You see here a +0 dagger.
Found a hammer.
Found a runed translucent door.
You open the door.
Crazy Yiuf shouts!
Casting: Necrotise (safe; 1% risk of failure)
Confirm with . or Enter, or press ? or * to list all spells.
Aiming: Necrotise (safe; 1% risk of failure)
Press: ? - help, Shift-Dir - straight line, f - Crazy Yiuf
Aim: Crazy Yiuf, wielding a +4 quarterstaff of chaos, wearing a +1 cloak and carrying a wand of quicksilver (11) (chance to affect: 84%) Crazy Yiuf writhes in agony.
Malevolent energies surge around you.
Casting: Necrotise (safe; 1% risk of failure)
Confirm with . or Enter, or press ? or * to list all spells.
Aiming: Necrotise (safe; 1% risk of failure)
Press: ? - help, Shift-Dir - straight line, f/p - Crazy Yiuf
Aim: Crazy Yiuf, wielding a +4 quarterstaff of chaos, wearing a +1 cloak and carrying a wand of quicksilver (11) (moderately wounded, chance to affect: 84%) Crazy Yiuf barely resists.
Malevolent energies surge around you.
Crazy Yiuf zaps a wand.
The bolt of dispelling energy hits you!
Crazy Yiuf hits you with a +4 quarterstaff of chaos!
Ouch! That really hurt!
* * * LOW HITPOINT WARNING * * *
Crazy Yiuf freezes you.
You die...

#######..........#
#...............)#
#.........##.#####
############.# #.#
#.## #### ♣♣##..#
#)..#♣♣ ♣♣..#..#
#..g@.♣♣♣♣......#
#...#♣..♣..♣...##
#### ♣♣♣.♣...###
♣♣♣♣♣##


You could see Crazy Yiuf.

Vanquished Creatures
  A dart slug (D:1)
  An orc (D:2)
  2 ball pythons (D:1)
  4 bats
  3 endoplasms (D:1)
  3 giant cockroaches
  7 goblins
  3 hobgoblins
  4 jackals (D:2)
  A quokka (D:1)
  3 frilled lizards
  A kobold (D:1)
  2 rats (D:1)
35 creatures vanquished.

Vanquished Creatures (collateral kills)
  2 dart slugs (D:2)
  A ball python (D:1)
  A hobgoblin (D:1)
4 creatures vanquished.

Grand Total: 39 creatures vanquished

Notes
Turn   | Place    | Note
-------+----------+-------------------------------------------
     0 | D:1      | Nick1 the Demonspawn Necromancer began the quest for the
                  | Orb.
     0 | D:1      | Reached XP level 1. HP: 13/13 MP: 3/3
   145 | D:1      | Gained mutation: You are partially covered in rugged brown
                  | scales. (AC +1, +3% HP) [demonic ancestry]
   145 | D:1      | Reached XP level 2. HP: 11/19 MP: 5/5
   220 | D:1      | Found a faded altar of an unknown god.
   225 | D:1      | Got Plato's Collected Works on Spectres
   376 | D:1      | Reached skill level 5 in Necromancy
   392 | D:1      | Gained mutation: Spells you cast may paralyse adjacent
                  | enemies. [demonic ancestry]
   392 | D:1      | Reached XP level 3. HP: 19/24 MP: 4/6
   595 | D:2      | Learned a level 1 spell: Kiss of Death
   666 | D:2      | Found a shimmering altar of Xom.
   801 | D:2      | Found a runed translucent door.
   802 | D:2      | Noticed Crazy Yiuf
   808 | D:2      | HP: 1/22 [Crazy Yiuf/+4 quarterstaff of chaos (11)]
   808 | D:2      | Slain by Crazy Yiuf

Illustrated notes

Levels and vault maps discovered:
D:1:      minmay_arrival_wavy_path, layout_rooms,
          shapermc_ecumenical_altar_rom_forum, serial_bayou_ford_a
D:2:      cheibrodos_old_hovel, layout_basic, basic_altar, uniq_jessica,
          uniq_natasha, uniq_robin, uniq_crazy_yiuf_cottage

Skill      XL: |  1  2  3 |
---------------+----------+-----
Necromancy     | 5 |  5.1
Stealth        | 2 |  2.0
Dodging        | 2 |  2.0
Fighting       | |  0.3
Short Blades   | |  0.8
Spellcasting   | |  2.2

Action                     || total
---------------------------++-------
  Melee: Short sword       ||    72
   Cast: Necrotise         ||    28
         Kiss of Death     ||     1
   Stab: Sleeping          ||     5
         Distracted        ||     1
 Armour: Robe              ||    25
  Dodge: Dodged            ||    42

Table legend: (Time is in decaauts)
 A = Elapsed time spent in this place.
 B = Non-inter-level travel time spent in this place.
 C = Inter-level travel time spent in this place.
 D = Time resting spent in this place.
 E = Time spent auto-exploring this place.
 F = Levels seen in this place.
 G = Mean time per level.
                   A        B        C        D        E       F      G
               +--------+--------+--------+--------+--------+-----+--------+
         Total |    815 |    800 |     15 |      0 |    292 |   2 |  407.5 |
       Dungeon |    815 |    800 |     15 |      0 |    292 |   2 |  407.5 |
               +--------+--------+--------+--------+--------+-----+--------+

Top non-repeatable levels by time:
     D:1: 596 daAuts
     D:2: 219 daAuts
